 Dungeon Crawl Stone Soup version 0.19-a0-867-g949743d (webtiles) character file.

57 matakusis the Ducker (level 3, -1/28 HPs)
             Began as a Demonspawn Gladiator on July 3, 2016.
             Slain by a gnoll
             ... wielding a +0 halberd
              (10 damage)
             ... on level 2 of the Dungeon.
             The game lasted 00:05:23 (1803 turns).

matakusis the Ducker (Demonspawn Gladiator)         Turns: 1803, Time: 00:05:23

Health: -1/28      AC: 12    Str: 17    XL:     3   Next: 73%
Magic:  3/3        EV: 10    Int:  9    God:
Gold:   90         SH:  7    Dex: 14    Spells: 0 memorised, 2 levels left

rFire  . . .     SeeInvis .     a - +0 long sword
rCold  . . .     Gourm    .     b - +0 leather armour
rNeg   . . .     Faith    .     r - +0 shield
rPois  .         Spirit   .     c - +0 helmet
rElec  .         Dismiss  .     (no cloak)
rCorr  .         Reflect  .     s - +1 pair of gloves
SustAt .         Harm     .     (no boots)
MR     .....                    (no amulet)
Stlth  +.........               t - +3 ring of protection
                                j - +2 ring of strength

@: not resistant to hostile enchantments, very unstealthy
A: thin metallic scales 2
a: no special abilities


You were on level 2 of the Dungeon.
You were not hungry.

You visited 1 branch of the dungeon, and saw 3 of its levels.

You collected 90 gold pieces.

Inventory:

Hand Weapons
 a - a +0 long sword (weapon)
Missiles
 d - 3 throwing nets (quivered)
Armour
 b - a +0 leather armour (worn)
 c - a +0 helmet (worn)
 r - a +0 shield (worn)
 s - a +1 pair of gloves (worn)
Jewellery
 j - a +2 ring of strength (left hand)
 t - a +3 ring of protection (right hand)
 v - an uncursed ring of sustain attributes
Scrolls
 e - a scroll of recharging {unknown}
 g - 2 scrolls of remove curse {unknown}
 k - 2 scrolls of enchant weapon {unknown}
 n - a scroll of teleportation {unknown}
 p - a scroll of identify {unknown}
 q - a scroll of amnesia {unknown}
Potions
 h - a potion of agility {unknown}
 i - a potion of resistance {unknown}
 l - a potion of lignification {unknown}
 m - a potion of curing {unknown}
 u - a potion of ambrosia {unknown}
Comestibles
 f - a bread ration
 o - 4 chunks of flesh


   Skills:
 * Level 2.6 Fighting
 + Level 3.1 Long Blades
 + Level 1.8 Throwing
 + Level 0.3 Armour
 * Level 3.4 Dodging
 * Level 0.1 Shields


You had 2 spell levels left.
You didn't know any spells.

Dungeon Overview and Level Annotations

Branches:
Dungeon (3/15)

Altars:
Zin


Innate Abilities, Weirdness & Mutations

You are mostly covered in thin metallic scales. (AC +3)


Message History

The bat barely misses you.
You riposte.
You barely miss the bat. The bat barely misses you.
The gnoll hits you from afar with a halberd.
You hit the bat but do no damage. You block the bat's attack.
The gnoll closely misses you.
You hit the bat.
You kill the bat!
The gnoll barely misses you. The gnoll barely misses you. x2
You hit the gnoll but do no damage.
The gnoll hits you from afar with a halberd.
The gnoll hits you but does no damage.
You closely miss the gnoll. The gnoll barely misses you.
The gnoll hits you with a halberd!
You closely miss the gnoll. You block the gnoll's attack. x2
You hit the gnoll.
The gnoll is lightly wounded.
You block the gnoll's attack. The gnoll misses you.
The gnoll hits you from afar with a halberd!
You die...

###### #.# #..... #.# #.....
#####.###############.....
.........@gg..............
#####.#############'###...
####### #.# #....#.......##...
.......##.###....#..b....#####
.........g.......#.......#
.....[.##g###....#.....gg#
....... #.# #.g..#.....b.#
w...g.. #.# #....#.....g.#
....... #.# ####.......g.#####


You could see 2 gnolls.

Vanquished Creatures
  An ooze (D:2)
  A dart slug (D:2)
  2 worms (D:2)
  4 bats
  5 giant cockroaches
  7 hobgoblins
  4 jackals (D:2)
  A quokka (D:2)
  2 ball pythons
  2 giant newts (D:1)
  7 goblins
  A kobold (D:1)
  3 rats
40 creatures vanquished.

Notes
Turn   | Place    | Note
-------+----------+-------------------------------------------
     0 | D:1      | matakusis the Demonspawn Gladiator began the quest for the Orb.
     0 | D:1      | Reached XP level 1. HP: 16/16 MP: 1/1
   364 | D:1      | Gained mutation: You are partially covered in thin metallic scales. (AC +2) [demonic ancestry]
   364 | D:1      | Reached XP level 2. HP: 21/22 MP: 2/2
  1049 | D:2      | You fall through a shaft!
  1057 | D:3      | Gained mutation: You are mostly covered in thin metallic scales. (AC +3) [demonic ancestry]
  1057 | D:3      | Reached XP level 3. HP: 27/27 MP: 3/3
  1093 | D:3      | Found a glowing silver altar of Zin.
  1607 | D:2      | Found a faded altar of an unknown god.
  1803 | D:2      | Slain by a gnoll

Vault maps used:
D:1:      dpeg_arrival_lava_altar, dk_noncrumbling_4, minmay_pentomino_v2
D:2:      ecumenical_altar_1, uniq_iyjb
D:3:      old_standard_altar

Skill      XL: |  1  2  3 |
---------------+----------+-----
Dodging        | 3 |  3.4
Long Blades    | 3 |  3.1
Fighting       | |  2.6
Throwing       | |  1.8
Armour         | |  0.3
Shields        | |  0.1

Action                   || total
-------------------------++-------
Melee: Long sword        ||   163
 Stab: Sleeping          ||     1
  Eat: Chunk             ||     3
Armor: Leather armour    ||    62
Dodge: Dodged            ||    84
Block: Shield            ||    38
